 Dungeon Crawl Stone Soup version 0.18.1-48-g4cf74bf (webtiles) character file.

79 Gargoyl the Skirmisher (level 4, -1/37 HPs)
             Began as a Demonspawn Abyssal Knight on Aug 31, 2016.
             Was a Follower of Lugonu.
             Slain by Crazy Yiuf
             ... wielding a +4 quarterstaff of chaos
              (2 damage)
             ... on level 2 of the Dungeon.
             The game lasted 00:02:37 (1433 turns).

Gargoyl the Skirmisher (Demonspawn Abyssal Knight)  Turns: 1433, Time: 00:02:38

Health: -1/37      AC: 10    Str: 13    XL:     4   Next: 17%
Magic:  6/6        EV:  6    Int: 13    God:    Lugonu [*.....]
Gold:   40         SH:  0    Dex: 13    Spells: 0 memorised, 3 levels left

rFire  . . .     SeeInvis .     a - +1 hand axe
rCold  . . .     Gourm    .     o - +0 chain mail
rNeg   . . .     Faith    .     (no shield)
rPois  .         Spirit   .     (no helmet)
rElec  .         Dismiss  .     i - +0 cloak
rCorr  .         Reflect  .     (no gloves)
SustAt .         Harm     .     (no boots)
MR     .....                    (no amulet)
Stlth  ..........               (no ring)
                                (no ring)

@: not resistant to hostile enchantments, extremely unstealthy
A: talons 1, demonic guardian 1, spiny 1
a: Depart the Abyss, Renounce Religion


You were on level 2 of the Dungeon.
You worshipped Lugonu.
Lugonu was aware of your devotion.
You were hungry.

You visited 1 branch of the dungeon, and saw 2 of its levels.
You visited the Abyss 1 time.

You collected 40 gold pieces.

Inventory:

Hand Weapons
 a - a +1 hand axe (weapon)
 b - a +0 spear
Armour
 i - a +0 cloak (worn)
 o - a +0 chain mail (worn)
Scrolls
 d - a scroll of identify {unknown}
 h - a scroll of random uselessness {unknown}
 l - a scroll of remove curse {unknown}
 n - a scroll of fog {unknown}
Comestibles
 c - a bread ration
 f - 4 slices of pizza
 g - a beef jerky


   Skills:
 + Level 3.7 Fighting
 + Level 2.1 Axes
 * Level 2.6 Armour
 + Level 1.6 Dodging
 + Level 2.7 Invocations


You had 3 spell levels left.
You didn't know any spells.

Dungeon Overview and Level Annotations

Branches:
Dungeon (2/15)

Altars:

Annotations:
D:2 Crazy Yiuf


Innate Abilities, Weirdness & Mutations

You have sharp toenails.
A weak demonic guardian rushes to your aid.
You are partially covered in sharp spines.


Message History

Found a mace.
Crazy Yiuf the Enlightened comes into view.
He is wielding a quarterstaff of chaos.
Crazy Yiuf shouts!
You slash Crazy Yiuf! You claw Crazy Yiuf, but do no damage.
Crazy Yiuf is moderately wounded.
Crazy Yiuf is struck by your spines.
Crazy Yiuf hits you with a quarterstaff of chaos!
You convulse!
You hit Crazy Yiuf. You claw Crazy Yiuf, but do no damage.
Crazy Yiuf is almost dead.
Crazy Yiuf is struck by your spines.
Crazy Yiuf hits you with a quarterstaff of chaos!
* * * LOW HITPOINT WARNING * * *
Unknown command.
You closely miss Crazy Yiuf.
Crazy Yiuf is almost dead.
Crazy Yiuf hits you with a quarterstaff of chaos.
* * * LOW HITPOINT WARNING * * *
You convulse.
You die...

# #####♣♣♣♣♣
#.###..+...♣.♣♣♣ ###
#...........♣.5♣#...#
#####.......♣♣♣♣@g...#
#.......+..♣♣ ♣♣#..)#
#.###.####♣♣ ### # #.#
#.###.###
#.......######
#....((..)...#
#####...##.........#
#...##...####..#


You could see Crazy Yiuf and a friendly white imp.

Vanquished Creatures
  Natasha (twice) (D:2)
  2 oozes (D:1)
  A dart slug (D:1)
  4 bats
  A giant cockroach (D:1)
  4 goblins
  3 hobgoblins (D:1)
  2 giant newts (D:1)
  4 kobolds
  3 rats (D:1)
26 creatures vanquished.

Vanquished Creatures (collateral kills)
  Natasha (D:2)
1 creature vanquished.

Grand Total: 27 creatures vanquished

Notes
Turn   | Place    | Note
--------------------------------------------------------------
     0 | Abyss:1  | Gargoyl the Demonspawn Abyssal Knight began the quest for the Orb.
     0 | Abyss:1  | Reached XP level 1. HP: 18/18 MP: 2/2
    74 | Abyss:2  | Noticed an orange demon
    74 | D:1      | Escaped the Abyss
   289 | D:1      | Reached skill level 1 in Dodging
   298 | D:1      | Gained mutation: A weak demonic guardian rushes to your aid. [demonic ancestry]
   298 | D:1      | Reached XP level 2. HP: 18/24 MP: 3/3
   394 | D:1      | Reached * piety under Lugonu
   870 | D:1      | Gained mutation: You have sharp toenails. [demonic ancestry]
   870 | D:1      | Reached XP level 3. HP: 24/29 MP: 4/4
   970 | D:2      | Noticed Natasha
   981 | D:2      | HP: 1/29 [Natasha (7)]
   986 | D:2      | Killed Natasha
  1230 | D:2      | Noticed Natasha
  1237 | D:2      | Killed Natasha
  1242 | D:2      | Noticed Natasha
  1248 | D:2      | Killed Natasha
  1248 | D:2      | Gained mutation: You are partially covered in sharp spines. [demonic ancestry]
  1248 | D:2      | Reached XP level 4. HP: 20/37 MP: 6/6
  1428 | D:2      | Noticed Crazy Yiuf
  1433 | D:2      | HP: 1/37 [Crazy Yiuf/quarterstaff of chaos (6)]
  1433 | D:2      | Slain by Crazy Yiuf

Skill      XL: |  1  2 |
---------------+-------+-----
Dodging        | 1 |  1.6
Armour         | 2 |  2.6
Axes           | 2 |  2.1
Fighting       | |  3.7
Invocations    | |  2.7

Action                   |  1- 3 |  4- 6 || total
-------------------------+-------+-------++-------
Melee: Hand axe          |    77 |     3 ||    80
       Kick              |     2 |     2 ||     4
Invok: Depart the Abyss  |     1 |       ||     1
  Use: Potion            |     4 |       ||     4
  Eat: Chunk             |     1 |       ||     1
Armor: Ring mail         |    32 |       ||    32
       Chain mail        |       |     1 ||     1
Dodge: Dodged            |    51 |       ||    51
